 Dungeon Crawl Stone Soup version 0.25-a0-346-g140ab78 (webtiles) character file.

Game seed: 9032603922882140206, levelgen mode: deterministic

288 Eglamore the Shield-Bearer (level 6, -22/52 HPs)
             Began as a Minotaur Fighter on Dec 31, 2019.
             Annihilated by an ogre
             ... wielding a cursed -1 giant spiked club
              (29 damage)
             ... on level 4 of the Dungeon.
             The game lasted 00:05:42 (2195 turns).

Eglamore the Shield-Bearer (Minotaur Fighter)       Turns: 2195, Time: 00:05:43

Health: -22/52     AC:  7    Str: 28    XL:     6   Next: 9%
Magic:  5/5        EV:  9    Int:  5    God:
Gold:   192        SH: 10    Dex:  9    Spells: 5/5 levels left

rFire    . . .     SeeInvis .   a - +0 flail
rCold    . . .     Gourm    .   c - +0 shield
rNeg     . . .     Faith    .   b - +0 scale mail
rPois    .         Spirit   .   (helmet restricted)
rElec    .         Reflect  .   (no cloak)
rCorr    .         Harm     .   (no gloves)
MR       .....                  (no boots)
Stlth    ..........             (no amulet)
HPRegen  0.17/turn              (no ring)
MPRegen  0.09/turn              (no ring)

@: mighty
A: retaliatory headbutt, horns 2
a: no special abilities


You were on level 4 of the Dungeon.
You were hungry.

You visited 1 branch of the dungeon, and saw 4 of its levels.

You collected 192 gold pieces.

Inventory:

Hand Weapons
 a - a +0 flail (weapon)
Armour
 b - a +0 scale mail (worn)
 c - a +0 shield (worn)
Jewellery
 p - an uncursed amulet of faith {unknown}
 w - an uncursed ring of fire {unknown}
Wands
 s - a wand of random effects (13)
Scrolls
 g - a scroll of immolation {unknown}
 h - 5 scrolls of remove curse
 k - 2 scrolls of magic mapping
 l - a scroll of teleportation {unknown}
 m - 5 scrolls of identify {unknown}
 o - a scroll of fear {unknown}
 q - a scroll of fog {unknown}
 t - a scroll of enchant weapon {unknown}
 u - a scroll of blinking {unknown}
 v - a scroll of amnesia {unknown}
Potions
 d - a potion of might
 e - 4 potions of haste {unknown}
 i - a potion of lignification {unknown}
 j - a potion of flight {unknown}
 r - a potion of curing {unknown}
Comestibles
 f - 6 rations
 n - 2 chunks of flesh


   Skills:
 + Level 4.2 Fighting
 + Level 4.7 Maces & Flails
 + Level 4.9 Armour
 + Level 1.7 Dodging
 + Level 0.6 Stealth
 + Level 5.2 Shields


You had 5 spell levels left.
You didn't know any spells.
Your spell library was empty.

Dungeon Overview and Level Annotations

Branches:
Dungeon (4/15)
 Temple: D:4-7

Altars:
Gozag
Makhleb
Sif Muna
Wu Jian


Innate Abilities, Weirdness & Mutations

You reflexively headbutt those who attack you in melee.
You have a pair of horns on your head.


Message History

The ogre shouts!
Some of the chunks of flesh in your inventory have rotted away.
The ogre closely misses you. You furiously retaliate!
You headbutt the ogre. You barely miss the ogre. You headbutt the ogre!
The ogre is heavily wounded.
The ogre hits you with a cursed -1 giant spiked club!!
Ouch! That really hurt!
You are too injured to fight recklessly!
You are too injured to fight recklessly!
You hit the ogre.
The ogre is heavily wounded.
You are feeling hungry.
The ogre hits you with a cursed -1 giant spiked club!!
* * * LOW HITPOINT WARNING * * *
You see here a quokka skeleton.
Found 15 gold pieces.
You feel very mighty all of a sudden.
The ogre hits you with a cursed -1 giant spiked club!!
Ouch! That really hurt!
You die...

# ###....####........# #.
#....$............
#.###.................
#...#.....................
####...#.....................
........#.....................
........................##.....
................O........###....
.(.............@.........###....
...............................#
...............................#
..............#....#...........#
..............#....#...........#
##
#................#..........##
.# ####.............#..........#
.# ####.............###...######
.###...................#..#


You could see an ogre.

Vanquished Creatures
  A bullfrog (D:3)
  An iguana (D:4)
  6 adders
  3 gnolls (D:4)
  An ooze (D:3)
  4 worms
  3 dart slugs
  3 leopard geckos
  An orc (D:3)
  5 ball pythons
  6 bats
  8 giant cockroaches
  6 goblins
  10 hobgoblins
  9 jackals
  2 quokkas
  5 frilled lizards
  7 kobolds
  7 rats
88 creatures vanquished.

Notes
Turn   | Place    | Note
-------+----------+-------------------------------------------
     0 | D:1      | Eglamore the Minotaur Fighter began the quest for the Orb.
     0 | D:1      | Reached XP level 1. HP: 19/19 MP: 0/0
   192 | D:1      | Reached XP level 2. HP: 25/27 MP: 1/1
   215 | D:1      | Reached skill level 4 in Shields
   392 | D:1      | Reached XP level 3. HP: 33/33 MP: 2/2
  1315 | D:3      | Noticed a bullfrog
  1318 | D:3      | Killed a bullfrog
  1318 | D:3      | Reached skill level 1 in Dodging
  1318 | D:3      | Reached XP level 4. HP: 32/40 MP: 3/3
  1375 | D:3      | Reached XP level 5. HP: 46/46 MP: 4/4
  1436 | D:3      | Reached skill level 5 in Shields
  1567 | D:3      | Found a shimmering blue altar of Sif Muna.
  1777 | D:3      | Found an ornate altar of the Wu Jian Council.
  1777 | D:3      | Found an opulent altar of Gozag.
  1896 | D:4      | Found a burning altar of Makhleb.
  2028 | D:4      | Reached XP level 6. HP: 43/52 MP: 5/5
  2195 | D:4      | Annihilated by an ogre

Levels and vault maps discovered:
D:1:      dpeg_arrival_simpleton_b, layout_loops_ring, serial_glass,
          glass_columns_a, glass_columns_c
D:2:      layout_basic
D:3:      layout_loops_ring, grunt_temple_overflow_open, led_sif_pool,
          first_ration
D:4:      layout_basic, overflow_temple_1_default

Skill      XL: |  1  2  3  4  5 |
---------------+----------------+-----
Shields        | 4 5 |  5.2
Armour         | 4 |  4.9
Fighting       | 4 |  4.2
Maces & Flails | 4 |  4.7
Dodging        | 1 |  1.7
Stealth        | |  0.6

Action                   |  1- 3 |  4- 6 || total
-------------------------+-------+-------++-------
Melee: Flail             |   127 |    95 ||   222
       Headbutt          |    16 |    20 ||    36
  Use: Scroll            |     2 |       ||     2
       Potion            |       |     1 ||     1
  Eat: Chunk             |     2 |     2 ||     4
Armor: Scale mail        |    48 |    38 ||    86
Dodge: Dodged            |    34 |    31 ||    65
Block: Shield            |    65 |    52 ||   117

Table legend:
 A = Non-vault XP
 B = Vault XP
 C = Vault XP percentage of total XP
 D = Non-vault monster count
 E = Vault monster count
 F = Vault count percentage of total count
                 A         B        C        D         E       F
            +---------+---------+-------+---------+---------+-------
      Total |     412 |       0 |   0.0 |      88 |       0 |   0.0
            +---------+---------+-------+---------+---------+-------
        D:1 |      58 |       0 |   0.0 |      32 |       0 |   0.0
        D:2 |      32 |       0 |   0.0 |      17 |       0 |   0.0
        D:3 |     207 |       0 |   0.0 |      31 |       0 |   0.0
        D:4 |     115 |       0 |   0.0 |       8 |       0 |   0.0
            +---------+---------+-------+---------+---------+-------
